 Dungeon Sprint DCSS version 0.17-a0-1987-gaf5a542 (webtiles) character file.

109993 Kidiri the Imperceptible (level 15, -3/63 HPs)
             Began as a Spriggan Enchanter on Oct 6, 2015.
             Was the Champion of Dithmenos.
             Killed by the air
             ... invoked by a titan
              (27 damage)
             ... in the Dungeon (Sprint III: "The Ten Rune Challenge").
             The game lasted 01:00:40 (10033 turns).

Kidiri the Imperceptible (Spriggan Enchanter)      Turns: 10033, Time: 01:00:40

Health: -3/63      AC:  6    Str: 11    XL:     15   Next: 28%
Magic:  10/39      EV: 46    Int: 27    God:    Dithmenos [******]
Gold:   1200       SH:  9    Dex: 20    Spells: 12 memorised, 5 levels left

rFire  + . .     SeeInvis +     A - +1 quick blade of the Heavens {holy, Str+4 Int+2 Stlth+}
rCold  . . .     Clarity  +     F - +0 robe "Nuzod" {MR+ Regen+ Stlth+}
rNeg   + . .     SustAt   .     B - +0 buckler {AC+3}
rPois  .         Gourm    .     v - +1 hat
rElec  .         Spirit   .     (no cloak)
rCorr  .         Warding  +     (gloves unavailable)
rMut   .         NoTele   +     (boots unavailable)
MR     +++..                    c - amulet of warding
Stlth  ++++++++++               T - ring of Yscham {Wiz rF+ Str+3 Stlth+}
                                C - +5 ring of intelligence

@: phasing, wreathed by umbra, studying Stealth, very quick, extremely resistant
to hostile enchantments, uncannily stealthy
A: unfitting armour, see invisible, clarity, herbivore 3, speed 3, mutation
resistance 1, slow metabolism 2, spit poison 1
a: Spit Poison, Shadow Step, Shadow Form, Renounce Religion
}: 2/10 runes: decaying, barnacled


You were in the Dungeon.
You worshipped Dithmenos.
Dithmenos was exalted by your worship.
You were not hungry.

You visited 1 branch You collected 6675 gold pieces.
You spent 5475 gold pieces at shops.

Inventory:

Hand Weapons
 y - a +7 quick blade
 A - the +1 quick blade of the Heavens (weapon) {holy, Str+4 Int+2 Stlth+}
   (You found it in the Dungeon)

   It has been blessed by the Shining One to cause great damage to the undead
   and demons.
   It affects your strength (+4).
   It affects your intelligence (+2).
   It makes you more stealthy.
Missiles
 s - 16 throwing nets (quivered)
Armour
 v - a +1 hat (worn)
 B - a +0 buckler of protection (worn)
 E - the +1 robe of the Country {rC+ SInv}
   (You bought it in a shop in the Dungeon)

   It protects you from cold.
   It lets you see invisible.
 F - the +0 robe "Nuzod" (worn) {MR+ Regen+ Stlth+}
   (You bought it in a shop in the Dungeon)

   It affects your resistance to hostile enchantments.
   It increases your rate of regeneration.
   It makes you more stealthy.
Jewellery
 c - an amulet of warding (around neck)
 C - a +5 ring of intelligence (left hand)
 S - the ring "Gafoumn" {MR+ Stlth+}
   (You took it off a deep elf master archer in the Dungeon)

   [ring of stealth]

   It affects your resistance to hostile enchantments.
   It makes you more stealthy.
 T - the ring of Yscham (right hand) {Wiz rF+ Str+3 Stlth+}
   (You took it off a deep elf annihilator in the Dungeon)

   [ring of wizardry]

   It improves your spell success rate.
   It affects your strength (+3).
   It protects you from fire.
   It makes you more stealthy.
Wands
 l - a wand of confusion (31)
 G - a wand of heal wounds (5)
Scrolls
 b - 5 scrolls of amnesia {unknown}
 d - a scroll of torment {unknown}
 j - a scroll of blinking
 n - a scroll of remove curse
 U - a scroll of silence {unknown}
Potions
 a - a potion of might
 e - 3 potions of curing
 g - a potion of haste
 h - a potion of magic
 i - a potion of berserk rage
 k - a potion of resistance
 m - a potion of ambrosia {unknown}
 q - a potion of cure mutation
 r - 3 potions of flight
 u - a potion of brilliance
 w - 2 potions of cancellation
Books
 t - a book of Clouds

   Spells                             Type                      Level
   a - Mephitic Cloud                 Conjuration/Poison/Air       3
   b - Conjure Flame                  Conjuration/Fire             3
   c - Poisonous Cloud                Conjuration/Poison/Air       6
   d - Freezing Cloud                 Conjuration/Ice/Air          6
   e - Ring of Flames                 Charms/Fire                  7
 z - a manual of Stealth
Comestibles
 o - 22 royal jellies
 p - 10 fruits


   Skills:
 * Level 18.1 Short Blades
 + Level 9.8 Armour
 * Level 22.2 Dodging
 + Level 23.9 Stealth
 * Level 7.7 Shields
 * Level 19.5 Spellcasting
 + Level 9.5 Conjurations
 + Level 14.6 Hexes
 + Level 15.8 Translocations
 + Level 12.3 Transmutations
 + Level 10.5 Ice Magic
 + Level 8.9 Earth Magic
 - Level 2.2 Invocations


You had 5 spell levels left.
You knew the following spells:

 Your Spells              Type           Power        Failure   Level  Hunger
a - Corona                Hex            #######      0%          1    None
b - Ensorcelled Hibernat  Hex/Ice        ######       0%          2    None
c - Confuse               Hex            #######.     0%          3    None
d - Tukima's Dance        Hex            #######.     0%          3    None
e - Dazzling Spray        Conj/Hex       ######..     1%          3    None
f - Phase Shift           Tloc           #######...   1%          5    None
g - Mass Confusion        Hex            #######...   1%          6    ##.....
h - Darkness              Hex            #######...   1%          6    ##.....
i - Gell's Gravitas       Hex/Tloc       #######...   0%          3    None
j - Petrify               Trmt/Erth      ######..     1%          4    None
k - Metabolic Englaciati  Hex/Ice        #######...   1%          5    None
l - Controlled Blink      Tloc           N/A          1%          7    ####...


Dungeon Overview and Level Annotations

Branches:
Dungeon (1/1)

Altars:
Cheibriados
Dithmenos
Elyvilon
Fedhas
Gozag
Kikubaaqudgha
Makhleb
Nemelex Xobeh
Okawaru
Qazlal
Ru
Sif Muna
Trog
Vehumet
Xom
Yredelemnul
Zin
The Shining One
Jiyva
Lugonu

Shops:
D [%:?[=%}(!(%}:?%[=[


Innate Abilities, Weirdness & Mutations

You are tiny and cannot use many weapons and most armour.
You have supernaturally acute eyesight.
You are a herbivore.
You cover ground extremely quickly.
You need consume almost no food.
You possess an exceptional clarity of mind.
You are somewhat resistant to further mutation.
You can spit weak poison.


Message History

The titan is healed somewhat.
Casting: Dazzling Spray
Confirm with . or Enter, or press ? or * to list all spells.
Aiming: Dazzling Spray
Press: ? - help, Shift-Dir - straight line, f/p - titan
Aim: a titan (black smoke, heavily wounded, umbra)
The spray of energy hits the titan.
The titan is heavily wounded.
Your shadow mimicks your spell!
The shadow shard hits the titan.
The titan closely misses you.
Casting: Dazzling Spray
Confirm with . or Enter, or press ? or * to list all spells.
Aiming: Dazzling Spray
Press: ? - help, Shift-Dir - straight line, f/p - titan
Aim: a titan (black smoke, severely wounded, umbra)
The spray of energy hits the titan.
The titan is almost dead.
The titan waves its arms in wide circles.
The air twists around and strikes you!
You die...

≈≈##..##.#*,,,,uCp.b..#C≈≈≈D#
.......#.#*,,,,..pppb.#.≈≈≈≈#
≈≈##..##.#*,,,,zDp.p.b#.≈≈≈.#
.§+......#*,,,,zDp.bb.#≈≈≈≈≈#
##########*,,,,YDpppbb#.≈...#
########***,,,,..C.ppb#.§§§§#
.+...≈≈#,**,,,,.Cp...b#p§§§§#
.#...≈≈####################+#
.#%%.≈≈≈≈##..§§)@C§§..§§§§§§#
.#...≈≈≈≈##[#######§.§b§§.§§#
.#....%..##)......#§§§§b§§[.#
.#..%.%.%########.#.§§§..§§.#
.#..%...%##.......#[§§§..§..#
.##############'#############
####******#.......#§..§§.§≈(#
≈§§#*≈,≈≈≈##.#.#.##§§§§§§§§§#
≈≈≈#,,≈*≈≈#...#...#§§§§.§.§§#


You could see a titan.

Vanquished Creatures
  Frederick (D)
  Sigmund (D)
  A lich (D)
  Rupert (D)
  A deep elf master archer (D)
  2 sphinxes (D)
  Polyphemus (D)
  Gastronok (D)
  Chuck (D)
  2 shadow dragons (D)
  Ilsuiw (D)
  A frost giant (D)
  Maud (D)
  A vampire knight (D)
  A deep elf demonologist (D)
  2 deep elf annihilators (D)
  2 dire elephants (D)
  A merfolk javelineer (D)
  A deep elf death mage (D)
  4 mummy priests (D)
  5 vault guards (D)
  A fire dragon (D)
  A deep elf high priest (D)
  3 hydras (D)
  A yaktaur captain (D)
  Erolcha (D)
  An ogre mage (D)
  A centaur warrior (D)
  4 death yaks (D)
  3 orc high priests (D)
  4 dancing weapons (D)
  3 skeletal warriors (D)
  A spriggan druid (D)
  A deep elf summoner (D)
  A death drake (D)
  A sea snake (D)
  2 obsidian statues (D)
  A lindwurm (D)
  A hill giant (shapeshifter) (D)
  3 deep elf conjurers (D)
  5 ugly things (D)
  4 crystal guardians (D)
  A wolf spider (shapeshifter) (D)
  2 elephants (D)
  2 spiny frogs (D)
  A water nymph (shapeshifter) (D)
  Edmund (D)
  2 black mambas (D)
  A fire drake (D)
  A komodo dragon (D)
  2 deep elf priests (D)
  13 guardian mummies (D)
  4 spriggan defenders (D)
  3 wandering mushrooms (D)
  A boulder beetle (shapeshifter) (D)
  8 blink frogs (D)
  A queen bee (D)
  3 slime creatures (D)
  2 spriggans (D)
  2 trapdoor spiders (D)
  A shadow (D)
  4 redbacks (D)
  A spatial vortex (D)
  2 hill giants (D)
  A hydra simulacrum (D)
  An orc warrior (D)
  A swamp drake (D)
  A necrophage (D)
  2 brain worms (D)
  3 two-headed ogres (D)
  A water elemental (D)
  A scorpion (D)
  19 killer bees (D)
  An electric eel (D)
  A jelly (D)
  A wizard (D)
  4 orc priests (D)
  An orc wizard (D)
  7 necromancers (D)
  3 sheep (D)
  3 humans (D)
  A kobold demonologist (D)
  2 swamp drake simulacra (D)
  2 adder zombies (D)
  12 orcs (D)
  A giant cockroach simulacrum (D)
  A jackal simulacrum (D)
  4 rats (D)
  2 butterflies (D)
  4 plants (D)
213 creatures vanquished.

Vanquished Creatures (collateral kills)
  A vampire knight (D)
  A vault guard (D)
  An orc warrior (D)
  10 killer bees (D)
13 creatures vanquished.

Vanquished Creatures (others)
  2 draconian scorchers (D)
  2 dancing weapons (D)
  A deep elf knight (D)
  3 yaktaurs (D)
  A guardian mummy (D)
  3 killer bees (D)
  A bush (D)
  A plant (D)
14 creatures vanquished.

Grand Total: 240 creatures vanquished

Notes
Turn   | Place    | Note
--------------------------------------------------------------
     0 | D        | Kidiri the Spriggan Enchanter began the quest for the Orb.
     0 | D        | Reached XP level 1. HP: 9/9 MP: 5/5
    38 | D        | Noticed a scorpion
    41 | D        | Killed a scorpion
    41 | D        | Reached skill level 1 in Armour
    41 | D        | Reached skill level 5 in Dodging
    41 | D        | Reached skill level 6 in Stealth
    41 | D        | Reached XP level 2. HP: 13/13 MP: 5/8
    41 | D        | Reached XP level 3. HP: 16/16 MP: 6/10
    61 | D        | Learned a level 2 spell: Ensorcelled Hibernation
    65 | D        | Learned a level 3 spell: Dazzling Spray
    69 | D        | Learned a level 3 spell: Confuse
    69 | D        | Killed a yaktaur
    86 | D        | Reached XP level 4. HP: 21/21 MP: 7/11
    94 | D        | Learned a level 3 spell: Tukima's Dance
   108 | D        | Gained mutation: You are somewhat resistant to further mutation. [potion of mutation]
   109 | D        | Lost mutation: You are somewhat resistant to further mutation. [potion of cure mutation]
   110 | D        | Gained mutation: You possess an exceptional clarity of mind. [potion of mutation]
   110 | D        | Gained mutation: You can spit weak poison. [potion of mutation]
   110 | D        | Gained mutation: You are somewhat resistant to further mutation. [potion of mutation]
   219 | D        | Noticed a water elemental
   222 | D        | Killed a water elemental
   222 | D        | Reached skill level 7 in Stealth
   222 | D        | Reached skill level 5 in Spellcasting
   222 | D        | Reached skill level 1 in Conjurations
   222 | D        | Reached skill level 5 in Hexes
   222 | D        | Reached skill level 1 in Ice Magic
   233 | D        | Noticed a jelly
   233 | D        | Killed a white draconian scorcher
   234 | D        | Noticed a shadow
   236 | D        | Killed a shadow
   236 | D        | Reached skill level 5 in Short Blades
   236 | D        | Reached skill level 8 in Dodging
   236 | D        | Reached skill level 9 in Stealth
   236 | D        | Reached XP level 5. HP: 24/24 MP: 13/15
   236 | D        | Reached XP level 6. HP: 28/28 MP: 13/16
   240 | D        | Killed a jelly
   266 | D        | Found a stormy altar of Qazlal.
   267 | D        | Found a sacrificial altar of Ru.
   267 | D        | Found a burning altar of Makhleb.
   267 | D        | Found a viscous altar of Jiyva.
   267 | D        | Found a shimmering altar of Xom.
   267 | D        | Found a shadowy altar of Dithmenos.
   267 | D        | Found a sparkling altar of Nemelex Xobeh.
   267 | D        | Found a corrupted altar of Lugonu.
   267 | D        | Found an opulent altar of Gozag.
   267 | D        | Noticed a spatial vortex
   272 | D        | Became a worshipper of Dithmenos the Shadowed
   299 | D        | Killed a spatial vortex
   299 | D        | Reached skill level 10 in Stealth
   299 | D        | Reached skill level 1 in Invocations
   345 | D        | Killed a white draconian scorcher
   358 | D        | Killed a yaktaur
   429 | D        | Found a radiant altar of Vehumet.
   430 | D        | Found a deep blue altar of Sif Muna.
   430 | D        | Found an ancient bone altar of Kikubaaqudgha.
   430 | D        | Noticed a wizard
   431 | D        | Killed a wizard
   431 | D        | Killed a yaktaur
   464 | D        | Learned a level 5 spell: Phase Shift
   469 | D        | Found a glowing silver altar of Zin.
   470 | D        | Found a glowing golden altar of the Shining One.
   470 | D        | Found a white marble altar of Elyvilon.
   470 | D        | Noticed a deep elf priest
   472 | D        | Killed a deep elf priest
   472 | D        | Reached skill level 11 in Stealth
   472 | D        | Reached XP level 7. HP: 32/32 MP: 17/19
   484 | D        | Found an iron altar of Okawaru.
   485 | D        | Found a bloodstained altar of Trog.
   485 | D        | Noticed a human
   485 | D        | Noticed a human
   498 | D        | Killed a human
   498 | D        | Reached skill level 10 in Dodging
   500 | D        | Killed a human
   500 | D        | Acquired Dithmenos's first power
   514 | D        | Learned a level 6 spell: Mass Confusion
   629 | D        | Found a snail-covered altar of Cheibriados.
   629 | D        | Noticed a necrophage
   632 | D        | Noticed a necromancer
   636 | D        | Killed a necrophage
   638 | D        | Killed a necromancer
   638 | D        | Reached XP level 8. HP: 28/35 MP: 11/22
   639 | D        | Found a basalt altar of Yredelemnul.
   639 | D        | Found a blossoming altar of Fedhas.
   711 | D        | Noticed a two-headed ogre
   711 | D        | Noticed a two-headed ogre
   715 | D        | Killed a two-headed ogre
   720 | D        | Killed a two-headed ogre
   722 | D        | Noticed a two-headed ogre
   726 | D        | Killed a two-headed ogre
   726 | D        | Acquired Dithmenos's second power
   726 | D        | Reached skill level 12 in Stealth
   779 | D        | Noticed a hill giant
   782 | D        | Killed a hill giant
   787 | D        | Noticed a hill giant
   787 | D        | Noticed Erolcha
   789 | D        | Killed Erolcha
   789 | D        | Reached skill level 13 in Stealth
   789 | D        | Reached skill level 10 in Spellcasting
   789 | D        | Reached skill level 5 in Translocations
   789 | D        | Reached XP level 9. HP: 38/38 MP: 22/24
   790 | D        | Killed a hill giant
   801 | D        | Noticed a redback
   807 | D        | Killed a redback
   807 | D        | Acquired Dithmenos's third power
   809 | D        | Noticed a trapdoor spider
   810 | D        | Killed a trapdoor spider
   845 | D        | Learned a level 6 spell: Darkness
   950 | D        | Noticed a trapdoor spider
   962 | D        | Killed a trapdoor spider
  1034 | D        | Noticed a killer bee
  1034 | D        | Noticed a killer bee
  1034 | D        | Noticed a killer bee
  1034 | D        | Noticed a killer bee
  1034 | D        | Noticed a killer bee
  1034 | D        | Noticed a killer bee
  1034 | D        | Noticed a killer bee
  1034 | D        | Noticed a killer bee
  1034 | D        | Noticed a killer bee
  1034 | D        | Noticed a killer bee
  1034 | D        | Noticed a killer bee
  1034 | D        | Noticed a killer bee
  1034 | D        | Noticed a killer bee
  1034 | D        | Noticed a killer bee
  1034 | D        | Noticed a killer bee
  1035 | D        | Noticed a killer bee
  1035 | D        | Noticed a killer bee
  1035 | D        | Noticed a killer bee
  1035 | D        | Noticed a queen bee
  1035 | D        | Noticed a killer bee
  1035 | D        | Noticed a killer bee
  1035 | D        | Noticed a killer bee
  1035 | D        | Noticed a killer bee
  1035 | D        | Noticed a killer bee
  1035 | D        | Noticed a killer bee
  1035 | D        | Noticed a killer bee
  1035 | D        | Noticed a killer bee
  1035 | D        | Noticed a killer bee
  1035 | D        | Noticed a killer bee
  1035 | D        | Noticed a killer bee
  1035 | D        | Noticed a killer bee
  1035 | D        | Noticed a killer bee
  1035 | D        | Noticed a killer bee
  1036 | D        | Killed a killer bee
  1037 | D        | Killed a killer bee
  1040 | D        | Killed a killer bee
  1040 | D        | Killed a killer bee
  1040 | D        | Acquired Dithmenos's fourth power
  1040 | D        | Killed a killer bee
  1042 | D        | Killed a killer bee
  1043 | D        | Killed a killer bee
  1043 | D        | Killed a killer bee
  1043 | D        | Killed a killer bee
  1043 | D        | Killed a killer bee
  1043 | D        | Killed a killer bee
  1044 | D        | Killed a killer bee
  1044 | D        | Killed a killer bee
  1044 | D        | Killed a killer bee
  1045 | D        | Killed a killer bee
  1046 | D        | Killed a killer bee
  1046 | D        | Reached skill level 14 in Stealth
  1046 | D        | Killed a killer bee
  1047 | D        | Killed a killer bee
  1048 | D        | Killed a killer bee
  1049 | D        | Killed a killer bee
  1049 | D        | Reached skill level 10 in Short Blades
  1049 | D        | Killed a killer bee
  1049 | D        | Killed a killer bee
  1054 | D        | Killed a killer bee
  1056 | D        | Killed a killer bee
  1058 | D        | Killed a killer bee
  1192 | D        | Killed a killer bee
  1197 | D        | Killed a killer bee
  1199 | D        | Killed a killer bee
  1202 | D        | Killed a killer bee
  1203 | D        | Killed a killer bee
  1205 | D        | Killed a killer bee
  1207 | D        | Killed a killer bee
  1210 | D        | Killed a queen bee
  1210 | D        | Reached skill level 5 in Ice Magic
  1329 | D        | Noticed a wandering mushroom
  1330 | D        | Noticed a wandering mushroom
  1330 | D        | Noticed a wandering mushroom
  1332 | D        | Killed a wandering mushroom
  1332 | D        | Reached XP level 10. HP: 43/43 MP: 21/26
  1338 | D        | Killed a wandering mushroom
  1361 | D        | Killed a wandering mushroom
  1361 | D        | Reached skill level 5 in Armour
  1486 | D        | Learned a level 3 spell: Gell's Gravitas
  1492 | D        | Noticed a spiny frog
  1492 | D        | Noticed a komodo dragon
  1492 | D        | Noticed a spiny frog
  1495 | D        | Killed a spiny frog
  1495 | D        | Reached skill level 15 in Stealth
  1498 | D        | Killed a komodo dragon
  1499 | D        | Killed a spiny frog
  1560 | D        | Noticed a redback
  1564 | D        | Killed a redback
  1567 | D        | Noticed a brain worm
  1572 | D        | Killed a brain worm
  1578 | D        | Noticed a brain worm
  1580 | D        | Killed a brain worm
  1580 | D        | Reached skill level 5 in Conjurations
  1586 | D        | Noticed a lindwurm
  1588 | D        | Noticed a redback
  1589 | D        | Killed a lindwurm
  1591 | D        | Killed a redback
  1596 | D        | Noticed a redback
  1597 | D        | Killed a redback
  1598 | D        | Noticed Maud
  1600 | D        | Killed Maud
  1600 | D        | Reached skill level 16 in Stealth
  1610 | D        | Noticed an electric eel
  1611 | D        | Noticed a seven-headed hydra
  1611 | D        | Noticed a four-headed hydra
  1612 | D        | Killed an electric eel
  1614 | D        | Killed a seven-headed hydra
  1614 | D        | Reached skill level 15 in Dodging
  1614 | D        | Reached XP level 11. HP: 46/46 MP: 19/29
  1615 | D        | Killed a four-headed hydra
  1615 | D        | Reached skill level 10 in Hexes
  1626 | D        | Learned a level 4 spell: Petrify
  1662 | D        | Noticed a death drake
  1671 | D        | Killed a death drake
  1671 | D        | Reached skill level 1 in Transmutations
  1818 | D        | Found a blossoming altar of Fedhas.
  1818 | D        | Noticed a spriggan
  1818 | D        | Noticed a spriggan druid
  1818 | D        | Noticed a spriggan
  1820 | D        | Killed a spriggan druid
  1820 | D        | Reached skill level 1 in Earth Magic
  1822 | D        | Killed a spriggan
  1828 | D        | Killed a spriggan
  1828 | D        | Reached skill level 17 in Stealth
  1912 | D        | Found Gittemm's Antique Armour Emporium.
  1912 | D        | Found Tohuh's Jewellery Shop.
  1918 | D        | Found Lejiarel's Food Shoppe.
  2015 | D        | Noticed a swamp drake
  2015 | D        | Noticed a fire drake
  2016 | D        | Killed a fire drake
  2018 | D        | Killed a swamp drake
  2025 | D        | Noticed a blink frog
  2025 | D        | Noticed a blink frog
  2026 | D        | Noticed a blink frog
  2026 | D        | Noticed a blink frog
  2026 | D        | Noticed a blink frog
  2034 | D        | Killed a blink frog
  2037 | D        | Killed a blink frog
  2041 | D        | Killed a blink frog
  2043 | D        | Killed a blink frog
  2051 | D        | Killed a blink frog
  2051 | D        | Reached skill level 10 in Translocations
  2173 | D        | Noticed Rupert
  2177 | D        | Killed Rupert
  2185 | D        | Noticed a death yak
  2186 | D        | Noticed a death yak
  2186 | D        | Noticed a blink frog
  2187 | D        | Noticed an azure jelly
  2187 | D        | Noticed a death yak
  2187 | D        | Noticed an azure jelly
  2187 | D        | Noticed a blink frog
  2187 | D        | Noticed a death yak
  2188 | D        | Killed a death yak
  2189 | D        | Killed a death yak
  2189 | D        | Reached skill level 18 in Stealth
  2190 | D        | Killed a blink frog
  2191 | D        | Noticed a blink frog
  2191 | D        | Noticed a black mamba
  2192 | D        | Killed a death yak
  2192 | D        | Reached XP level 12. HP: 51/51 MP: 26/31
  2193 | D        | Noticed a black mamba
  2194 | D        | Killed a death yak
  2195 | D        | Killed a blink frog
  2196 | D        | Killed a blink frog
  2198 | D        | Killed a black mamba
  2199 | D        | Killed a black mamba
  2199 | D        | Reached skill level 5 in Transmutations
  2234 | D        | Noticed Polyphemus
  2235 | D        | Noticed Ilsuiw
  2236 | D        | Killed Polyphemus
  2242 | D        | Killed Ilsuiw
  2242 | D        | Reached skill level 15 in Spellcasting
  2283 | D        | Found Qiczom's Antique Armour Shoppe.
  2283 | D        | Found Itelefum's Food Boutique.
  2283 | D        | Found Tefisot's Book Emporium.
  2283 | D        | Noticed a sea snake
  2283 | D        | Noticed a merfolk javelineer
  2285 | D        | Killed a sea snake
  2311 | D        | Killed a merfolk javelineer
  2311 | D        | Reached skill level 19 in Stealth
  2330 | D        | Got a barnacled rune of Zot
  2401 | D        | Learned a level 5 spell: Metabolic Englaciation
  2406 | D        | Noticed an azure jelly
  2406 | D        | Noticed an azure jelly
  2407 | D        | Noticed an elephant
  2407 | D        | Noticed an elephant
  2407 | D        | Noticed a dire elephant
  2407 | D        | Noticed a dire elephant
  2407 | D        | Noticed Gastronok
  2409 | D        | Killed Gastronok
  2410 | D        | Killed a dire elephant
  2412 | D        | Killed a dire elephant
  2415 | D        | Killed an elephant
  2417 | D        | Killed an elephant
  2703 | D        | Noticed an orc warrior
  2703 | D        | Noticed an orc priest
  2703 | D        | Noticed an orc high priest
  2703 | D        | Noticed an orc wizard
  2703 | D        | Noticed an orc warrior
  2704 | D        | Found Agri's Magic Scroll Emporium.
  2705 | D        | Noticed an orc priest
  2714 | D        | Killed an orc priest
  2729 | D        | Killed an orc warrior
  2741 | D        | Killed an orc priest
  2748 | D        | Killed an orc high priest
  2753 | D        | Killed an orc warrior
  2753 | D        | Reached skill level 5 in Earth Magic
  2762 | D        | Killed an orc wizard
  2930 | D        | Bought a scroll of magic mapping for 38 gold pieces
  2948 | D        | Noticed a deep elf priest
  2948 | D        | Noticed a deep elf conjurer
  2948 | D        | Noticed a deep elf knight
  2948 | D        | Noticed a deep elf conjurer
  2948 | D        | Noticed a deep elf summoner
  2954 | D        | Noticed a deep elf demonologist
  2956 | D        | Noticed a deep elf annihilator
  2964 | D        | Killed a deep elf knight
  2964 | D        | Reached XP level 13. HP: 55/55 MP: 21/33
  2973 | D        | Killed a deep elf conjurer
  2975 | D        | Killed a deep elf summoner
  2978 | D        | Killed a deep elf conjurer
  2981 | D        | Killed a deep elf priest
  3090 | D        | Killed a deep elf demonologist
  3105 | D        | Noticed a deep elf high priest
  3110 | D        | Noticed a deep elf death mage
  3111 | D        | Killed a deep elf high priest
  3111 | D        | Reached skill level 20 in Stealth
  3113 | D        | Noticed a deep elf annihilator
  3225 | D        | Noticed a deep elf master archer
  3229 | D        | Noticed a deep elf conjurer
  3229 | D        | Killed a deep elf annihilator
  3229 | D        | Reached skill level 15 in Short Blades
  3229 | D        | Reached skill level 1 in Shields
  3506 | D        | Killed a deep elf conjurer
  3692 | D        | Killed a deep elf death mage
  3874 | D        | Killed a deep elf master archer
  4485 | D        | Killed a deep elf annihilator
  4645 | D        | Noticed Sigmund
  4645 | D        | Noticed Edmund
  4647 | D        | Killed Sigmund
  4648 | D        | Killed Edmund
  4656 | D        | Noticed an orc high priest
  4656 | D        | Noticed an orc priest
  4657 | D        | Noticed an orc priest
  4657 | D        | Noticed an orc high priest
  4658 | D        | Killed an orc priest
  4659 | D        | Killed an orc high priest
  4661 | D        | Killed an orc high priest
  4663 | D        | Killed an orc priest
  4696 | D        | Noticed a spriggan defender
  4697 | D        | Noticed a spriggan defender
  4697 | D        | Noticed a spriggan defender
  4697 | D        | Noticed a spriggan defender
  4711 | D        | Killed a spriggan defender
  4716 | D        | Killed a spriggan defender
  4726 | D        | Killed a spriggan defender
  4736 | D        | Killed a spriggan defender
  4931 | D        | Noticed a slime creature
  4934 | D        | Noticed a cyan ugly thing
  4936 | D        | Killed a slime creature
  4948 | D        | Killed a cyan ugly thing
  4958 | D        | Noticed a fire dragon
  4961 | D        | Killed a fire dragon
  4961 | D        | Reached skill level 21 in Stealth
  4969 | D        | Noticed a centaur warrior
  4973 | D        | Killed a centaur warrior
  5011 | D        | Noticed a short sword of speed
  5011 | D        | Noticed a long sword of electrocution
  5012 | D        | Noticed a glaive of venom
  5013 | D        | Noticed a short sword of holy wrath
  5023 | D        | Killed a glaive of venom
  5065 | D        | Killed a short sword of holy wrath
  5068 | D        | Killed a long sword of electrocution
  5070 | D        | Killed a short sword of speed
  5079 | D        | Got a twisted quick blade
  5083 | D        | Identified the +1 quick blade of the Heavens {holy, Str+4 Int+2 Stlth+} (You found it in the Dungeon)
  5139 | D        | Noticed an obsidian statue
  5150 | D        | Killed an obsidian statue
  5464 | D        | Found Guleixe's Gadget Emporium.
  5464 | D        | Found Gawomim's Magic Scroll Shop.
  5464 | D        | Found Arudap's Antique Weapon Boutique.
  5464 | D        | Found Afal's Armour Shoppe.
  5464 | D        | Found Offa Rao's Food Boutique.
  5464 | D        | Found Duodwu's Book Emporium.
  5464 | D        | Found Pavifu's Distillery.
  5464 | D        | Found Cettar's Jewellery Shop.
  5464 | D        | Found Qadoimir's Antique Weapon Shop.
  5464 | D        | Found Fiashuy's Antique Armour Emporium.
  5464 | D        | Found Feec's Gadget Emporium.
  5464 | D        | Found Vogral's Food Boutique.
  5481 | D        | Bought a potion of brilliance for 40 gold pieces
  5481 | D        | Bought a potion of heal wounds for 50 gold pieces
  5481 | D        | Bought a potion of flight for 30 gold pieces
  5481 | D        | Bought a potion of beneficial mutation for 350 gold pieces
  5485 | D        | Bought a manual of Stealth for 1435 gold pieces
  5489 | D        | Bought a shiny buckler for 135 gold pieces
  5513 | D        | Bought a +5 ring of intelligence for 576 gold pieces
  5513 | D        | Bought an uncursed ring of protection from cold for 350 gold pieces
  5694 | D        | Bought a wizard robe for 148 gold pieces
  5694 | D        | Bought a brightly glowing robe for 148 gold pieces
  5704 | D        | Identified the +1 robe of the Country {rC+ SInv} (You bought it in a shop in the Dungeon)
  5714 | D        | Identified the cursed +0 robe "Nuzod" {MR+ Regen+ Stlth+} (You bought it in a shop in the Dungeon)
  5923 | D        | Noticed a six-headed hydra
  5923 | D        | Noticed a five-headed hydra simulacrum
  5925 | D        | Killed a six-headed hydra
  5925 | D        | Reached XP level 14. HP: 59/59 MP: 31/36
  5928 | D        | Killed a five-headed hydra simulacrum
  5932 | D        | Got a decaying rune of Zot
  6066 | D        | Bought a book of Clouds for 630 gold pieces
  6066 | D        | Bought an Akashic Record for 1545 gold pieces
  6200 | D        | Noticed a crystal guardian
  6201 | D        | Killed a crystal guardian
  6203 | D        | Noticed a crystal guardian
  6204 | D        | Killed a crystal guardian
  6206 | D        | Noticed a crystal guardian
  6207 | D        | Noticed a crystal guardian
  6207 | D        | Killed a crystal guardian
  6210 | D        | Killed a crystal guardian
  6223 | D        | Learned a level 7 spell: Controlled Blink
  6266 | D        | Noticed a yaktaur captain
  6266 | D        | Noticed a water nymph
  6266 | D        | Noticed a green ugly thing
  6267 | D        | Noticed a purple ugly thing
  6271 | D        | Killed a water nymph
  6273 | D        | Killed a green ugly thing
  6275 | D        | Killed a purple ugly thing
  6285 | D        | Noticed an anaconda
  6285 | D        | an anaconda changed into an ettin
  6312 | D        | Reached skill level 10 in Transmutations
  6345 | D        | Killed a yaktaur captain
  6475 | D        | Noticed Chuck
  6475 | D        | Noticed a wolf spider
  6475 | D        | Noticed a green ugly thing
  6477 | D        | Killed a green ugly thing
  6481 | D        | Killed a wolf spider
  6510 | D        | Killed Chuck
  6729 | D        | Noticed a purple ugly thing
  6730 | D        | Noticed Frederick
  6731 | D        | Killed a purple ugly thing
  6733 | D        | Killed Frederick
  6733 | D        | Reached skill level 22 in Stealth
  6733 | D        | Reached skill level 5 in Shields
  6756 | D        | Noticed a slime creature
  6760 | D        | Killed a slime creature
  6769 | D        | Noticed a lich
  6779 | D        | Killed a lich
  6826 | D        | Noticed a slime creature
  6829 | D        | Killed a slime creature
  6832 | D        | Noticed a shadow dragon
  6832 | D        | Noticed an ogre mage
  6832 | D        | Noticed a shadow dragon
  6834 | D        | Killed a shadow dragon
  6835 | D        | Killed a shadow dragon
  6836 | D        | Killed an ogre mage
  6870 | D        | Noticed an obsidian statue
  6871 | D        | Noticed a boulder beetle
  6877 | D        | Killed a boulder beetle
  6885 | D        | Killed an obsidian statue
  7033 | D        | Noticed a vampire knight
  7037 | D        | Killed a vampire knight
  7063 | D        | Noticed a necromancer
  7065 | D        | Killed a necromancer
  7071 | D        | Noticed a necromancer
  7073 | D        | Killed a necromancer
  7242 | D        | Noticed a skeletal warrior
  7244 | D        | Killed a skeletal warrior
  7284 | D        | Noticed a necromancer
  7286 | D        | Killed a necromancer
  7303 | D        | Noticed a necromancer
  7305 | D        | Killed a necromancer
  7311 | D        | Noticed a vampire knight
  7316 | D        | Killed a vampire knight
  7316 | D        | Reached skill level 15 in Translocations
  7523 | D        | Noticed a skeletal warrior
  7525 | D        | Killed a skeletal warrior
  7525 | D        | Reached skill level 23 in Stealth
  7525 | D        | Reached skill level 10 in Ice Magic
  7576 | D        | Noticed a necromancer
  7578 | D        | Killed a necromancer
  7590 | D        | Noticed a guardian mummy
  7593 | D        | Killed a guardian mummy
  7725 | D        | Noticed a guardian mummy
  7727 | D        | Killed a guardian mummy
  7746 | D        | Noticed a skeletal warrior
  7748 | D        | Killed a skeletal warrior
  7754 | D        | Noticed a necromancer
  7756 | D        | Killed a necromancer
  7831 | D        | Noticed a sphinx
  7831 | D        | Noticed a sphinx
  7832 | D        | Noticed a guardian mummy
  7832 | D        | Noticed a mummy priest
  7833 | D        | Killed a sphinx
  7834 | D        | Killed a sphinx
  7836 | D        | Killed a mummy priest
  7836 | D        | Reached XP level 15. HP: 63/63 MP: 29/39
  7837 | D        | Killed a guardian mummy
  7884 | D        | Noticed a mummy priest
  7885 | D        | Noticed a guardian mummy
  7887 | D        | Killed a mummy priest
  7978 | D        | Noticed a guardian mummy
  7979 | D        | Killed a guardian mummy
  8002 | D        | Noticed a mummy priest
  8002 | D        | Noticed a guardian mummy
  8003 | D        | Killed a guardian mummy
  8005 | D        | Noticed a mummy priest
  8083 | D        | Noticed a guardian mummy
  8085 | D        | Killed a mummy priest
  8304 | D        | Killed a mummy priest
  8305 | D        | Killed a guardian mummy
  8307 | D        | Killed a guardian mummy
  8450 | D        | Noticed a guardian mummy
  8450 | D        | Noticed a guardian mummy
  8458 | D        | Noticed a guardian mummy
  8459 | D        | Killed a guardian mummy
  8642 | D        | Noticed a guardian mummy
  8643 | D        | Killed a guardian mummy
  8745 | D        | Noticed a guardian mummy
  8746 | D        | Noticed a guardian mummy
  8747 | D        | Killed a guardian mummy
  8856 | D        | Killed a guardian mummy
  8938 | D        | Killed a guardian mummy
  8939 | D        | Noticed a guardian mummy
  8940 | D        | Killed a guardian mummy
  8947 | D        | Killed a guardian mummy
  9173 | D        | Got a scintillating copper ring
  9173 | D        | Got a scorched wooden ring
  9314 | D        | Identified the ring "Gafoumn" {MR+ Stlth+} (You took it off a deep elf master archer in the Dungeon)
  9316 | D        | Identified the ring of Yscham {Wiz rF+ Str+3 Stlth+} (You took it off a deep elf annihilator in the Dungeon)
  9363 | D        | Identified the Compendium of Moulding (You found it in the Dungeon)
  9715 | D        | Noticed a golden dragon
  9715 | D        | Noticed a vault guard
  9715 | D        | Noticed a vault guard
  9716 | D        | Noticed a stone giant
  9716 | D        | Noticed a vault guard
  9716 | D        | Noticed a vault guard
  9716 | D        | Noticed a titan
  9716 | D        | Noticed a vault guard
  9716 | D        | Noticed a vault guard
  9716 | D        | Noticed a skeletal warrior
  9716 | D        | Noticed a quicksilver dragon
  9716 | D        | Noticed a vault guard
  9716 | D        | Noticed a vault guard
  9716 | D        | Noticed a skeletal warrior
  9716 | D        | Noticed a golden dragon
  9716 | D        | Noticed a vault guard
  9716 | D        | Noticed a vault guard
  9716 | D        | Noticed an eight-headed hydra
  9716 | D        | Noticed a shadow dragon
  9716 | D        | Noticed a vault guard
  9716 | D        | Noticed a vault guard
  9716 | D        | Noticed a frost giant
  9716 | D        | Noticed a vault guard
  9716 | D        | Noticed a vault guard
  9716 | D        | Noticed a titan
  9716 | D        | Noticed a vault guard
  9716 | D        | Noticed a vault guard
  9717 | D        | an eight-headed hydra changed into a death yak
  9718 | D        | Noticed a red ugly thing
  9805 | D        | Killed a vault guard
  9846 | D        | Killed a vault guard
  9852 | D        | Killed a vault guard
  9872 | D        | Killed a frost giant
  9880 | D        | Killed a vault guard
  9971 | D        | Killed a vault guard
  9974 | D        | Killed a vault guard
 10025 | D        | HP: 3/63 [titan (41)]
 10033 | D        | Killed from afar by a titan

Vault maps used:
D:        dungeon_sprint_mu

Action                   |  1- 3 |  4- 6 |  7- 9 | 10-12 | 13-15 || total
-------------------------+-------+-------+-------+-------+-------++-------
Melee: Dagger            |     6 |    22 |    48 |   104 |     6 ||   186
       Rapier            |       |       |       |       |   101 ||   101
       Quick blade       |       |       |       |       |   134 ||   134
Throw: Throwing net      |       |       |       |       |    13 ||    13
 Cast: Ensorcelled Hiber |     1 |     1 |    28 |    13 |    31 ||    74
       Dazzling Spray    |       |     6 |     1 |    16 |   107 ||   130
       Confuse           |       |       |     8 |     1 |     2 ||    11
       Mass Confusion    |       |       |     1 |     2 |     3 ||     6
       Phase Shift       |       |       |       |     3 |    17 ||    20
       Tukima's Dance    |       |       |       |     1 |    14 ||    15
       Metabolic Englaci |       |       |       |     1 |     1 ||     2
       Controlled Blink  |       |       |       |       |     8 ||     8
       Gell's Gravitas   |       |       |       |       |     2 ||     2
       Petrify           |       |       |       |       |     1 ||     1
       Darkness          |       |       |       |       |     5 ||     5
Invok: Shadow Step       |       |       |     2 |    11 |    15 ||    28
  Use: Potion            |       |     3 |       |     2 |     9 ||    14
       Scroll            |       |     1 |       |     3 |     3 ||     7
 Stab: Sleeping          |     6 |     6 |    24 |    45 |    69 ||   150
       Confused          |       |       |     3 |     3 |     1 ||     7
       Held in net/web   |       |       |     1 |       |     4 ||     5
       Invisible         |       |       |       |     2 |     4 ||     6
       Distracted        |       |       |       |       |     1 ||     1
  Eat: Bread ration      |       |       |       |     1 |       ||     1
       Royal jelly       |       |       |       |       |     2 ||     2
       Fruit             |       |       |       |       |     2 ||     2
